 Dungeon Crawl Stone Soup version 0.20.1-1-g8b1a95d (webtiles) character file.

113 greenice the Slasher (level 4, -3/39 HPs)
             Began as a Minotaur Fighter on Aug 10, 2017.
             Slain by Crazy Yiuf
             ... wielding a +4 quarterstaff of chaos
              (12 damage)
             ... on level 2 of the Dungeon.
             The game lasted 00:02:56 (1684 turns).

greenice the Slasher (Minotaur Fighter)             Turns: 1684, Time: 00:02:57

Health: -3/39      AC:  6    Str: 21    XL:     4   Next: 65%
Magic:  1/3        EV:  7    Int:  5    God:
Gold:   100        SH:  9    Dex: 10    Spells: 3/3 levels left

rFire    . . .     SeeInvis .   a - +0 long sword
rCold    . . .     Gourm    .   c - +0 shield
rNeg     . . .     Faith    .   b - +0 scale mail
rPois    .         Spirit   .   (helmet restricted)
rElec    .         Reflect  .   (no cloak)
rCorr    .         Harm     .   (no gloves)
MR       .....                  (no boots)
Stlth    ..........             (no amulet)
Regen    0.2/turn               (no ring)
MPRegen  0.1/turn               (no ring)

@: lethally poisoned (-3 -> -25), very slightly contaminated, drained, invisible
A: retaliatory headbutt, horns 2
a: no special abilities


You were on level 2 of the Dungeon.
You were hungry.

You visited 1 branch of the dungeon, and saw 2 of its levels.

You collected 100 gold pieces.

Inventory:

Hand Weapons
 a - a +0 long sword (weapon)
Armour
 b - a +0 scale mail (worn)
 c - a +0 shield (worn)
Jewellery
 p - an uncursed ring of protection from fire {unknown}
Scrolls
 g - a scroll of remove curse {unknown}
 l - a scroll of enchant armour {unknown}
 m - 2 scrolls of blinking {unknown}
 o - 3 scrolls of identify {unknown}
 q - a scroll of amnesia {unknown}
Potions
 d - a potion of flight {unknown}
 e - 2 potions of mutation {unknown}
 h - a potion of lignification {unknown}
 k - a potion of degeneration {unknown}
 n - a potion of invisibility
Books
 r - a book of Cantrips

   Spells                             Type                      Level
   a - Confusing Touch                Hexes                        1
   b - Animate Skeleton               Necromancy                   1
   c - Summon Small Mammal            Summoning                    1
   d - Apportation                    Translocation                1
Comestibles
 f - 2 bread rations
 i - 5 chunks of flesh
 j - a meat ration


   Skills:
 - Level 3.6(3.3) Fighting
 + Level 5.9(5.7) Long Blades
 - Level 3.6(3.3) Armour
 - Level 3.6(3.3) Shields


You had 3 spell levels left.
You didn't know any spells.

Dungeon Overview and Level Annotations

Branches:
Dungeon (2/15)

Altars:

Annotations:
D:2 Crazy Yiuf


Innate Abilities, Weirdness & Mutations

You reflexively headbutt those who attack you in melee.
You have a pair of horns on your head.


Message History

You are feeling hungry.
You block something's attack.
There is an open door here.
You miss something. You block something's attack.
You hit something. Something hits you.
You feel drained. Something hits you.
You fade into invisibility!
You are very lightly contaminated with residual magic.
You barely miss something. Something hits you.
You are poisoned.
You closely miss something. You headbutt something.
You feel sick. Something hits you!
You feel your power leaking away.
You miss something. Your headbutt misses something.
You feel sick. Something hits you!
* * * LOW HITPOINT WARNING * * *
You are lethally poisoned!
You closely miss something.
* * * LOW HITPOINT WARNING * * *
You feel sick. Something hits you!
You die...

.........#.#.....#
#.## ##.#
#).##.#..#.#######
##### ##.##
#..#.......#
#.###.##
#..#.##..### #####
##.#.## #...†....#
#)..# ##.##
##.......# #...#
###.# ###.#####
#...# #...#
#...##### #{# #####
#.......## ♣@♣♣
#...###..# ♣♣.♣
####### #### ♣.♣♣
..# ♣♣.♣ #.# ♣♣.♣♣
#.#### ♣♣P..♣ .....#
♣PP.P♣ #.##.# #....#
..##.##########....#


There were no monsters in sight!

Vanquished Creatures
  Jessica (D:2)
  Terence (D:2)
  An adder (D:2)
  An ooze (D:2)
  2 worms (D:2)
  A dart slug (D:2)
  2 leopard geckos
  2 ball pythons
  4 bats
  A giant cockroach (D:1)
  3 goblins
  7 hobgoblins
  3 jackals (D:1)
  5 kobolds
  4 rats (D:2)
38 creatures vanquished.

Notes
Turn   | Place    | Note
-------+----------+-------------------------------------------
     0 | D:1      | greenice the Minotaur Fighter began the quest for the Orb.
     0 | D:1      | Reached XP level 1. HP: 19/19 MP: 0/0
   261 | D:1      | Reached skill level 3 in Long Blades
   266 | D:1      | Reached XP level 2. HP: 23/26 MP: 1/1
   822 | D:2      | Reached skill level 4 in Long Blades
   984 | D:2      | Reached XP level 3. HP: 31/31 MP: 2/2
  1023 | D:2      | Noticed Jessica
  1030 | D:2      | Killed Jessica
  1030 | D:2      | Reached skill level 5 in Long Blades
  1182 | D:2      | Noticed Terence
  1194 | D:2      | Killed Terence
  1194 | D:2      | Reached XP level 4. HP: 32/39 MP: 3/3
  1670 | D:2      | Found a runed door.
  1674 | D:2      | Noticed Crazy Yiuf
  1684 | D:2      | Slain by Crazy Yiuf

Skill      XL: |  1  2  3 |
---------------+----------+-----
Long Blades    | 3 4 5 |  5.9
Fighting       | |  3.6
Armour         | |  3.6
Shields        | |  3.6

Action                   |  1- 3 |  4- 6 || total
-------------------------+-------+-------++-------
Melee: Long sword        |    57 |    40 ||    97
       Headbutt          |     8 |     7 ||    15
  Use: Potion            |     1 |       ||     1
  Eat: Chunk             |     1 |     1 ||     2
Armor: Scale mail        |    28 |    12 ||    40
Dodge: Dodged            |    20 |     7 ||    27
Block: Shield            |    27 |    22 ||    49
       Rpst.: Long sword |     6 |     1 ||     7
